 Dungeon Crawl Stone Soup version 0.20.0-7-g3b7b877 (webtiles) character file.

49 Gorglomux the Skirmisher (level 3, -2/39 HPs)
             Began as an Ogre Artificer on May 29, 2017.
             Killed from afar by a dart slug (5 damage)
             ... with a slug dart
             ... on level 2 of the Dungeon.
             The game lasted 00:04:00 (1715 turns).

Gorglomux the Skirmisher (Ogre Artificer)           Turns: 1715, Time: 00:04:00

Health: -2/39      AC:  3    Str: 16    XL:     3   Next: 75%
Magic:  4/4        EV: 10    Int: 12    God:
Gold:   81         SH:  0    Dex: 10    Spells: 2/2 levels left

rFire    . . .     SeeInvis .   K - -2 whip (curse)
rCold    . . .     Gourm    .   (no shield)
rNeg     . . .     Faith    .   b - +0 robe
rPois    .         Spirit   .   (helmet restricted)
rElec    .         Reflect  .   (no cloak)
rCorr    .         Harm     .   (gloves unavailable)
MR       .....                  (boots unavailable)
Stlth    +.........             (no amulet)
Regen    0.2/turn               (no ring)
MPRegen  0.1/turn               (no ring)

@: lethally poisoned (-2 -> -12), hasted, very quick
A: unfitting armour, tough skin 1
a: no special abilities


You were on level 2 of the Dungeon.
You were not hungry.

You visited 1 branch of the dungeon, and saw 2 of its levels.

You collected 81 gold pieces.

Inventory:

Hand Weapons
 a - a +0 short sword
 K - a cursed -2 whip (weapon)
Armour
 b - a +0 robe (worn)
Jewellery
 F - an uncursed ring of see invisible {unknown}
Wands
 c - a wand of flame (38/48)
 e - a wand of random effects (15/48)
 E - a wand of enslavement (8/24)
Scrolls
 M - a scroll of teleportation {unknown}
Potions
 H - a potion of haste
 I - a potion of agility {unknown}
Comestibles
 f - 2 bread rations
 z - a meat ration
 G - 5 fruits
 L - 2 chunks of flesh


   Skills:
 + Level 3.9 Fighting
 - Level 0.6 Short Blades
 + Level 1.4 Maces & Flails
 - Level 1.7 Dodging
 - Level 0.6 Stealth
 - Level 2.4 Evocations


You had 2 spell levels left.
You didn't know any spells.

Dungeon Overview and Level Annotations

Branches:
Dungeon (2/15)

Altars:


Innate Abilities, Weirdness & Mutations

You are too large for most types of armour.
You have tough skin. (AC +1)


Message History

You feel sick. The adder bites you.
* * * LOW HITPOINT WARNING * * *
You are more poisoned.
The adder poisons you! The hobgoblin hits you with a club.
* * * LOW HITPOINT WARNING * * *
You are too injured to fight recklessly!
You are too injured to fight recklessly!
You are too injured to fight recklessly!
* * * LOW HITPOINT WARNING * * *
You feel sick.
It was a potion of haste.
You feel yourself speed up.
* * * LOW HITPOINT WARNING * * *
You feel sick. The adder bites you.
* * * LOW HITPOINT WARNING * * *
You are more poisoned.
The adder poisons you!
The hobgoblin hits you but does no damage.
The dart slug launches a dart at you. The slug dart hits you!
You die...

.... ........ .#.#.
....... ............
......#....### .#
.#.#..#...... ..#
...........###<..
...#>...g..........
......#wg..#...#.....#
.......S@............+
.....................
........#.......#..####
........#.......#.....#
.#....................#
..............)........
...............).......
.#......#.<...(........
#.##...#...##.##..#.#.


You could see an adder, a dart slug and 2 hobgoblins.

Vanquished Creatures
  A gnoll (D:1)
  A worm (D:2)
  A dart slug (D:1)
  A leopard gecko (D:1)
  A ball python (D:1)
  4 bats (D:1)
  4 giant cockroaches (D:1)
  4 goblins
  5 hobgoblins
  A frilled lizard (D:1)
  3 kobolds
  2 rats (D:1)
28 creatures vanquished.

Vanquished Creatures (collateral kills)
  A hobgoblin (D:1)
1 creature vanquished.

Vanquished Creatures (others)
  3 hobgoblins (D:1)
3 creatures vanquished.

Grand Total: 32 creatures vanquished

Notes
Turn   | Place    | Note
-------+----------+-------------------------------------------
     0 | D:1      | Gorglomux the Ogre Artificer began the quest for the Orb.
     0 | D:1      | Reached XP level 1. HP: 19/19 MP: 2/2
    46 | D:1      | Reached skill level 2 in Fighting
   624 | D:1      | Reached XP level 2. HP: 29/29 MP: 3/3
   661 | D:1      | Reached skill level 3 in Fighting
   965 | D:1      | Reached XP level 3. HP: 14/37 MP: 4/4
  1060 | D:1      | Reached skill level 1 in Maces & Flails
  1715 | D:2      | Killed from afar by a dart slug

Skill      XL: |  1  2  3 |
---------------+----------+-----
Fighting       | 2 3 |  3.9
Maces & Flails | 1 |  1.4
Short Blades   | |  0.6
Dodging        | |  1.7
Stealth        | |  0.6
Evocations     | |  2.4

Action                   || total
-------------------------++-------
Melee: Short sword       ||    51
       Whip              ||   122
Evoke: Wand              ||    14
  Use: Scroll            ||     1
       Potion            ||     1
 Stab: Sleeping          ||     2
  Eat: Chunk             ||     3
Armor: Robe              ||    51
Dodge: Dodged            ||   110
